 Dungeon Crawl Stone Soup version 0.22.0-49-gab54619 (webtiles) character file.

313 Fang the Chopper (level 6, 0/57 HPs)
             Began as a Gargoyle Berserker on Sept 4, 2018.
             Was a Believer of Trog.
             Slain by a gnoll
             ... wielding a +0 spear
              (4 damage)
             ... on level 4 of the Dungeon.
             The game lasted 00:02:32 (3116 turns).

Fang the Chopper (Gargoyle Berserker)               Turns: 3116, Time: 00:02:32

Health: 0/57       AC:  6    Str: 27    XL:     6   Next: 43%
Magic:  6/6        EV: 12    Int:  8    God:    Trog [**....]
Gold:   142        SH:  0    Dex:  9    Spells: 5/5 levels left

rFire    . . .     SeeInvis .   a - +0 hand axe
rCold    . . .     Gourm    .   (no shield)
rNeg     + . .     Faith    .   b - +0 animal skin
rPois    ∞         Spirit   .   (no helmet)
rElec    +         Reflect  .   (no cloak)
rCorr    .         Harm     .   (no gloves)
MR       .....                  (no boots)
Stlth    ..........             (no amulet)
HPRegen  0.19/turn              (no ring)
MPRegen  0.10/turn              (no ring)

@: berserking, very quick
A: negative energy resistance 1, electricity resistance, unbreathing,
petrification resistance, rot immunity, AC +4
a: Berserk, Trog's Hand, Renounce Religion


You were on level 4 of the Dungeon.
You worshipped Trog.
Trog was pleased with you.
You were near starving.

You visited 1 branch of the dungeon, and saw 4 of its levels.

You collected 142 gold pieces.

Inventory:

Hand Weapons
 a - a +0 hand axe (weapon)
Armour
 b - a +0 animal skin (worn)
Jewellery
 l - an uncursed ring of wizardry {unknown}
Wands
 q - a wand of flame (22)
Scrolls
 d - a scroll of identify {unknown}
 f - 2 scrolls of immolation {unknown}
 h - a scroll of fog {unknown}
 i - a scroll of blinking {unknown}
 j - a scroll of amnesia {unknown}
 k - a scroll of magic mapping {unknown}
 m - 2 scrolls of enchant weapon {unknown}
 o - 4 scrolls of teleportation {unknown}
 p - a scroll of noise {unknown}
 r - 2 scrolls of enchant armour {unknown}
Potions
 e - a potion of haste {unknown}
 g - 3 potions of curing {unknown}
 n - a potion of brilliance {unknown}
 s - 2 potions of magic {unknown}
 u - a potion of agility {unknown}
Comestibles
 c - 11 rations


   Skills:
 + Level 4.1 Fighting
 + Level 5.1 Axes
 + Level 2.3 Armour
 + Level 2.9 Dodging
 + Level 1.1 Stealth


You had 5 spell levels left.
You didn't know any spells.
Your spell library was empty.

Dungeon Overview and Level Annotations

Branches:
Dungeon (4/15)
 Temple: D:4-7

Altars:
Dithmenos
Uskayaw


Innate Abilities, Weirdness & Mutations

You are resistant to torment.
Your stone body is resilient. (AC +4)
You are immune to poison.
You resist negative energy. (rN+)
You are resistant to electric shocks. (rElec)
You can survive without breathing.
You are immune to petrification.
You are immune to rotting.


Message History

* * * LOW HITPOINT WARNING * * *
The gnoll barely misses you. x2; The gnoll misses you.
Unknown command.
You are too injured to fight recklessly!
Unknown command.
You are too injured to fight recklessly!
You hit the gnoll.
The gnoll is moderately wounded.
The gnoll hits you from afar with a spear.
* * * LOW HITPOINT WARNING * * *
The gnoll closely misses you.
The gnoll hits you from afar with a spear.
* * * LOW HITPOINT WARNING * * *
The gnoll hits you with a whip.
* * * LOW HITPOINT WARNING * * *
You slash the gnoll!
You kill the gnoll!
Trog accepts your kill.
The gnoll hits you from afar with a spear.
You die...

#.....)
#.....#
#.....#
#.....#
#.....#
#.....#
#†.g..#
#####@)g..#
#....#.......
#.##.#g######
#.#.# #.#..
#.### #<# ###


You could see 3 gnolls.

Vanquished Creatures
  Sigmund (D:3)
  A gnoll (D:4)
  7 adders
  3 worms
  3 dart slugs
  3 leopard geckos
  3 orcs (D:3)
  A ball python (D:3)
  3 giant cockroaches
  8 goblins
  3 hobgoblins
  3 jackals (D:3)
  8 kobolds
  2 quokkas (D:3)
  6 bats
  5 frilled lizards
  6 rats
66 creatures vanquished.

Notes
Turn   | Place    | Note
-------+----------+-------------------------------------------
     0 | D:1      | Fang the Gargoyle Berserker began the quest for the Orb.
     0 | D:1      | Reached XP level 1. HP: 14/14 MP: 1/1
   364 | D:1      | Reached XP level 2. HP: 19/19 MP: 2/2
   412 | D:1      | Reached skill level 3 in Axes
   775 | D:2      | Reached XP level 3. HP: 23/23 MP: 3/3
  1690 | D:3      | Reached XP level 4. HP: 18/29 MP: 4/4
  1827 | D:3      | Noticed Sigmund
  1833 | D:3      | Reached ** piety under Trog
  1838 | D:3      | Killed Sigmund
  1838 | D:3      | Reached skill level 4 in Axes
  1838 | D:3      | Reached skill level 1 in Stealth
  1838 | D:3      | Reached XP level 5. HP: 33/33 MP: 5/5
  1958 | D:3      | Reached XP level 6. HP: 38/38 MP: 6/6
  2333 | D:3      | Found a hide-covered altar of Uskayaw.
  2345 | D:3      | Reached skill level 5 in Axes
  2571 | D:3      | Found a shadowy altar of Dithmenos.
  3116 | D:4      | Slain by a gnoll

Skill      XL: |  1  2  3  4  5  6 |
---------------+-------------------+-----
Axes           | 3 4 5 |  5.1
Dodging        | 2 |  2.9
Fighting       | 4 |  4.1
Stealth        | 1 |  1.1
Armour         | |  2.3

Action                   |  1- 3 |  4- 6 || total
-------------------------+-------+-------++-------
Melee: Hand axe          |   122 |   112 ||   234
Invok: Berserk           |       |     2 ||     2
  Eat: Chunk             |     2 |     5 ||     7
Armor: Animal skin       |    38 |    37 ||    75
Dodge: Dodged            |    68 |    78 ||   146
